 Dungeon Crawl Stone Soup version 0.13.0-3-g966e3ec (webtiles) character file.

349 Lilouch the Covered (level 5, -1/33 HPs)
             Began as a Gargoyle Fighter on Oct 13, 2013.
             Was an Initiate of Okawaru.
             Slain by an ogre
             ... wielding a +0,+0 giant spiked club
              (28 damage)
             ... on Level 4 of the Dungeon.
             The game lasted 00:09:12 (2520 turns).

Lilouch the Covered (Gargoyle Fighter)              Turns: 2520, Time: 00:09:12

HP  -1/33        AC 11     Str 21      XL: 5   Next: 57%
MP   4/4         EV  7     Int  8      God: Okawaru [......]
Gold 172         SH 19     Dex  9      Spells:  0 memorised,  4 levels left

Res.Fire  : . . .   See Invis. : .   a - +0 mace
Res.Cold  : . . .   Warding    : .   b - +0 scale mail
Life Prot.: + . .   Conserve   : .   c - +0 shield
Res.Poison: +       Res.Corr.  : .   (no helmet)
Res.Elec. : +       Clarity    : .   (no cloak)
Sust.Abil.: . .     Spirit.Shd : .   (no gloves)
Res.Mut.  : .       Stasis     : .   (no boots)
Res.Rott. : +       Flight     : .   (no amulet)
Saprovore : . . .                    (no ring)
                                     (no ring)

@: slightly resistant to hostile enchantments, extremely unstealthy
A: fangs 1, talons 2, life protection 1, electricity resistance, slow metabolism
1, unbreathing, petrification resistance, AC +4
a: Renounce Religion


You were on level 4 of the Dungeon.
You worshipped Okawaru.
Okawaru was noncommittal.
You were not hungry.

You visited 2 branches of the dungeon, and saw 5 of its levels.

You collected 152 gold pieces.

Inventory:

Hand weapons
 a - a +0,+0 mace (weapon)
 h - a +2,+2 spear (quivered)
 q - a +4,+2 elven trident of venom
Missiles
 i - 90 stones
Armour
 b - a +0 scale mail (worn)
 c - a +0 shield (worn)
Magical devices
 D - a wand of slowing (11) {unknown}
Comestibles
 d - 2 bread rations
 o - a meat ration
 w - 14 strawberries
 A - a rotting chunk of hound flesh
 E - 2 chunks of scorpion flesh
Scrolls
 e - 2 scrolls of remove curse {unknown}
 f - 2 scrolls of identify {unknown}
 g - 2 scrolls of amnesia {unknown}
 t - a scroll of fear {unknown}
 v - a scroll of enchant weapon I {unknown}
 y - a scroll of enchant weapon II {unknown}
 B - a scroll of teleportation {unknown}
Jewellery
 u - a cursed ring of teleportation {unknown}
 z - a +4 ring of intelligence {unknown}
 C - an uncursed amulet of clarity {unknown}
Potions
 j - a potion of slowing {unknown}
 k - a potion of resistance {unknown}
 l - 2 potions of heal wounds {unknown}
 m - a potion of mutation {unknown}
 n - a potion of cure mutation {unknown}
 p - 2 potions of agility {unknown}
 r - a potion of confusion {unknown}
 s - a potion of curing {unknown}
 x - a potion of invisibility {unknown}


   Skills:
 - Level 3.2 Fighting
 * Level 4.5 Maces & Flails
 + Level 4.5 Armour
 + Level 4.1 Shields


You had 4 spell levels left.
You didn't know any spells.

Dungeon Overview and Level Annotations

Branches:
Dungeon (4/27)             Temple (1/1) D:4

Altars:
Cheibriados
Elyvilon
Fedhas
Kikubaaqudgha
Makhleb
Nemelex Xobeh
Okawaru
Sif Muna
Trog
Vehumet
Yredelemnul
Zin
the Shining One


Innate Abilities, Weirdness & Mutations

You are resistant to torment.
You are immune to poison.
Your stone body is very resilient (AC +4).
You have very sharp teeth.
You have razor-sharp toenails.
You resist negative energy.
You are resistant to electric shocks.
You have a slow metabolism.
You can survive without breathing.
You are immune to petrification.


Message History

The hobgoblin hits you with a club.
You hit the hobgoblin but do no damage. You claw the hobgoblin.
The hobgoblin is heavily wounded.
The hobgoblin hits you but does no damage.
You hit the hobgoblin but do no damage. Your bite misses the hobgoblin.
The hobgoblin is heavily wounded.
The hobgoblin hits you but does no damage.
You barely miss the hobgoblin. You claw the hobgoblin.
The hobgoblin is severely wounded.
You block the hobgoblin's attack.
You completely miss the hobgoblin. You claw the hobgoblin.
You kill the hobgoblin!
Okawaru accepts your kill.
There is an open door here.
There is a stone staircase leading down here.
You block the ogre's attack.
You open the door.
The ogre hits you with a giant spiked club!
Ouch! That really hurt!
You die...

#.......########.### #.#
<.........# #.# ###.#
########### ###.### #.#.#
###'### #.#.#####
####⌠.⌠#######......<#
......+.>.'.......#.#####
######⌠.⌠#######.#.#
###'### #.#.# ###@###
#.#.# ... #O# #.#.# #.#
######.##### #.#.# #.#
#..........# #.#.#
#.###.....#....# #.#.##
###..##.....#....# #.#..#
....##.....#.#### #.##.#
# #### #..##.....#.#
#.##.##.#
...####..##.....#.#
#.#.....#


You could see an ogre.

Vanquished Creatures
  A hound (D:4)
  A scorpion (D:4)
  4 adders
  A giant mite (D:4)
  A worm (D:3)
  2 giant geckos
  An ooze (D:2)
  A ball python (D:2)
  11 bats
  4 giant cockroaches
  9 hobgoblins
  6 jackals (D:1)
  2 quokkas
  4 giant newts
  6 goblins
  3 kobolds
  8 rats
  A rat skeleton (D:3)
66 creatures vanquished.

Notes
Turn   | Place    | Note
--------------------------------------------------------------
     0 | D:1      | Lilouch, the Gargoyle Fighter, began the quest for the Orb.
     0 | D:1      | Reached XP level 1. HP: 14/14 MP: 0/0
    52 | D:1      | Reached XP level 2. HP: 12/19 MP: 1/1
   678 | D:1      | Reached XP level 3. HP: 24/24 MP: 2/2
  1308 | D:2      | Reached skill level 4 in Armour
  1308 | D:2      | Reached XP level 4. HP: 24/28 MP: 3/3
  2174 | D:4      | Reached XP level 5. HP: 24/33 MP: 4/4
  2244 | D:4      | Found a staircase to the Ecumenical Temple.
  2249 | Temple   | Entered the Ecumenical Temple
  2354 | Temple   | Became a worshipper of Warmaster Okawaru
  2464 | D:4      | Found a basalt altar of Yredelemnul.
  2467 | D:4      | Noticed an ogre
  2520 | D:4      | Slain by an ogre

Action                   |  1- 3 |  4- 6 || total
-------------------------+-------+-------++-------
Melee: Mace              |   120 |    78 ||   198
Evoke: Wand              |       |     2 ||     2
